 Dungeon Crawl Stone Soup version 0.30-a0-723-gc1506a1cf0 (webtiles) character file.

Game seed: 14985048475435152329

4366 Demosthentine the Trooper (level 10, -7/80 HPs)
             Began as a Demonspawn Gladiator on Jan 28, 2023.
             Was a Believer of Nemelex Xobeh.
             Mangled by Erolcha
             ... wielding a +0 giant club
              (33 damage)
             ... on level 9 of the Dungeon.
             The game lasted 00:09:22 (6832 turns).

Demosthentine the Trooper (Demonspawn Gladiator)    Turns: 6832, Time: 00:09:23

Health: -7/80      AC: 13    Str: 16    XL:     10   Next: 13%
Magic:  12/12      EV: 15    Int: 10    God:    Nemelex Xobeh [**....]
Gold:   690        SH:  0    Dex: 17    Spells: 9/9 levels left

rFire   . . .      SeeInvis .    a - +1 trident
rCold   . . .      Faith    .    (no shield)
rNeg    . . .      Spirit   .    b - +0 leather armour
rPois   .          Reflect  .    (helmet restricted)
rElec   .          Harm     .    A - +0 cloak
rCorr   .          Rampage  .    (no gloves)
Will    +....                    w - +0 pair of boots
Stlth   +                        (no amulet)
HPRegen 0.33/turn                E - ring of willpower
MPRegen 0.13/turn                f - +4 ring of protection

@: no status effects
A: antennae 1, thin metallic scales 2, spiny 1, demonic magic 2
a: Renounce Religion, Draw Escape, Draw Destruction, Draw Summoning


You were on level 9 of the Dungeon.
You worshipped Nemelex Xobeh.
Nemelex Xobeh was pleased with you.
You visited 1 branch of the dungeon, and saw 9 of its levels.
You also visited: Ossuary.

You collected 690 gold pieces.

Inventory:

Hand Weapons
 a - a +1 trident (weapon)
Missiles
 e - a javelin
 y - a throwing net (quivered)
Armour
 b - a +0 leather armour (worn)
 w - a +0 pair of boots (worn)
 A - a +0 cloak (worn)
Jewellery
 f - a +4 ring of protection (right hand)
 i - a ring of poison resistance
 E - a ring of willpower (left hand)
Wands
 c - a wand of digging (6)
 d - a wand of flame (37)
Scrolls
 m - 2 scrolls of enchant armour
 r - a scroll of enchant weapon
 t - 2 scrolls of blinking
 u - 2 scrolls of silence
 B - a scroll of poison
Potions
 g - 2 potions of magic
 h - a potion of brilliance
 k - 9 potions of curing
 l - 2 potions of might {unknown}
 n - 2 potions of lignification {unknown}
 o - 4 potions of haste {unknown}
 p - a potion of invisibility
 s - a potion of ambrosia
 v - a potion of cancellation {unknown}
 x - 2 potions of mutation {unknown}
 z - a potion of flight {unknown}
 F - a potion of experience {unknown}


   Skills:
 + Level 7.7 Fighting
 + Level 7.3 Polearms
 - Level 1.7 Throwing
 - Level 6.0 Armour
 + Level 7.3 Dodging
 + Level 3.7 Invocations


You had 9 spell levels left.
You didn't know any spells.
Your spell library contained the following spells:

 Spells                   Type           Power      Damage    Failure   Level
 Sandblast                Erth           0%         2d4       41%         1
 Slow                     Hex            0%         N/A       41%         1
 Passwall                 Tmut/Erth      0%         N/A       56%         2
 Confusing Touch          Hex            0%         N/A       80%         3
 Frozen Ramparts          Ice            0%         1d1       80%         3
 Stone Arrow              Conj/Erth      0%         3d7       80%         3
 Vampiric Draining        Necr           0%         2d6       80%         3
 Cause Fear               Hex            0%         N/A       99%         4
 Ice Form                 Ice/Tmut       0%         N/A       99%         4
 Summon Ice Beast         Ice/Summ       0%         N/A       99%         4
 Dragon Form              Tmut           0%         N/A       100%        7
 Dragon's Call            Summ           0%         N/A       100%        9


Dungeon Overview and Level Annotations

Branches:
Dungeon (9/15)             Temple (0/1) D:5         Ossuary (visited)
   Lair: D:8-11         Orc: D:9-12

Altars:
Dithmenos
Nemelex Xobeh
Trog
Wu Jian

Shops:
D:8 (

Annotations:
D:9 Erolcha


Innate Abilities, Weirdness & Mutations

You have a pair of small antennae on your head.
You are mostly covered in thin metallic scales. (AC +3)
You are partially covered in sharp spines.
Spells you cast may paralyse nearby enemies.


Message History

The wraith is heavily damaged.
The wraith hits you but does no damage.
You hit the wraith.
The wraith is severely damaged.
The wraith is struck by your spines. The wraith hits you!
You barely miss the wraith.
The wraith is almost destroyed.
A killer bee comes into view.
The wraith closely misses you.
You closely miss the wraith.
The wraith is almost destroyed.
The wraith hits you.
The killer bee buzzes angrily.
You hit the wraith.
The wraith is almost destroyed.
The wraith is struck by your spines.
You destroy the wraith!
You hear some strange, mumbled words.
A fireball appears from out of thin air!
The fireball explodes!
The fireball engulfs you!
You hear an angry hiss. x2; You hear an angry buzzing noise. x4
Something hits you!
You are too injured to fight recklessly!
Unknown command.
You barely miss something. Something hits you!!
* * * LOW HITPOINT WARNING * * *
You feel much better.
You barely miss something. Something hits you!
You hit something but do no damage. You barely miss something.
You hear some strange, mumbled words.
Something tries to affect you, but you resist.
You hear an angry buzzing noise.
You barely miss something.
You hear an angry buzzing noise.
You hear an angry hiss.
Something barely misses you.
A killer bee comes into view.
You draw a card...
You have drawn the Dance.
Something hits you!!
You die...
Your body disappears without a glow.

#...###
#<#... #.##.#
# #)##.##.#
##.#...#.##(.
#.)).yy......
#..#yyy####..
.....##{##
#####..#@#
##.#.# .#(#
.#.# ...# .##
.. .. #.(


You could see 5 killer bees and a friendly -2 hand axe (summoned).

Vanquished Creatures
  Erica (D:8)
  A two-headed ogre (D:7)
  Sigmund (D:6)
  A wraith (D:9)
  A steam dragon (D:7)
  An acid dragon (D:5)
  Duvessa (D:6)
  5 ice beasts
  A black bear (D:4)
  A sky beast (D:6)
  2 ogres (D:5)
  Blork the orc (D:4)
  An elf zombie (Ossuary)
  A phantom (D:5)
  3 kobold brigands
  A gnoll sergeant (D:5)
  3 scorpions
  5 wights (D:9)
  Dowan (D:6)
  2 howler monkeys (D:8)
  3 hounds
  Crazy Yiuf (D:6)
  An orc priest (D:7)
  5 iguanas
  4 orc wizards
  2 mummies (Ossuary)
  8 gnolls
  8 adders
  A shadow imp (D:5)
  A white imp (D:8)
  3 ufetubi
  3 worms
  3 dart slugs
  16 orcs
  8 bats
  12 endoplasms
  3 giant cockroaches
  4 gnoll zombies (Ossuary)
  9 goblins
  2 hobgoblins
  7 jackals
  15 kobolds
  7 quokkas
  5 ball pythons
  7 frilled lizards
  A goblin zombie (Ossuary)
  6 hobgoblin zombies (Ossuary)
  2 orc zombies (Ossuary)
  10 rats
191 creatures vanquished.

Vanquished Creatures (others)
  2 kobolds (D:8)
  6 fungi
  6 plants
14 creatures vanquished.

Grand Total: 205 creatures vanquished

Notes
Turn   | Place    | Note
-------+----------+-------------------------------------------
     0 | D:1      | Demosthentine the Demonspawn Gladiator began the quest for
                  | the Orb.
     0 | D:1      | Reached XP level 1. HP: 16/16 MP: 1/1
    97 | D:1      | Gained mutation: You are partially covered in sharp spines.
                  | [demonic ancestry]
    97 | D:1      | Reached XP level 2. HP: 14/22 MP: 2/2
   377 | D:1      | Reached skill level 1 in Armour
   421 | D:1      | Reached XP level 3. HP: 28/28 MP: 3/3
   483 | D:1      | Found a faded altar of an unknown god.
   977 | D:2      | Gained mutation: Spells you cast may paralyse adjacent
                  | enemies. [demonic ancestry]
   977 | D:2      | Reached XP level 4. HP: 34/34 MP: 4/4
  1092 | D:2      | Found a shadowy altar of Dithmenos.
  1513 | D:3      | HP: 1/35 [gnoll/+0 halberd (11)]
  1735 | D:3      | Gained mutation: You have a pair of small antennae on your
                  | head. [demonic ancestry]
  1735 | D:3      | Reached XP level 5. HP: 41/41 MP: 5/5
  2004 | D:4      | Noticed a black bear
  2168 | D:4      | Gained mutation: You are partially covered in thin metallic
                  | scales. (AC +2) [demonic ancestry]
  2168 | D:4      | Reached XP level 6. HP: 29/47 MP: 6/6
  2571 | D:4      | Noticed Blork the orc
  2597 | D:4      | Killed Blork the orc
  2598 | D:4      | Gained mutation: Spells you cast may paralyse nearby
                  | enemies. [demonic ancestry]
  2598 | D:4      | Reached XP level 7. HP: 10/54 MP: 7/7
  3001 | D:4      | Found a sparkling altar of Nemelex Xobeh.
  3073 | D:4      | Became a worshipper of Nemelex Xobeh the Trickster
  3217 | D:5      | Entered Level 5 of the Dungeon
  3254 | D:5      | Found a staircase to the Ecumenical Temple.
  3446 | D:5      | Reached skill level 5 in Fighting
  3446 | D:5      | Reached skill level 5 in Polearms
  3446 | D:5      | Reached skill level 5 in Dodging
  3446 | D:5      | Reached XP level 8. HP: 46/62 MP: 8/8
  3622 | D:5      | Found a sand-covered staircase.
  3630 | Ossuary  | Entered an ossuary
  4112 | D:5      | HP: 3/63 [acid dragon/splash of acid (26)]
  4788 | D:6      | Reached skill level 5 in Armour
  4828 | D:6      | Noticed Dowan
  4828 | D:6      | Noticed Duvessa
  4830 | D:6      | Reached * piety under Nemelex Xobeh
  4841 | D:6      | Killed Duvessa
  4844 | D:6      | Killed Dowan
  4955 | D:6      | Gained mutation: You are mostly covered in thin metallic
                  | scales. (AC +3) [demonic ancestry]
  4955 | D:6      | Reached XP level 9. HP: 67/69 MP: 9/9
  4966 | D:6      | Noticed Sigmund
  4984 | D:6      | Killed Sigmund
  5299 | D:6      | Received a gift from Nemelex Xobeh
  5355 | D:6      | Found a runed translucent door.
  5356 | D:6      | Noticed Crazy Yiuf
  5365 | D:6      | Killed Crazy Yiuf
  5492 | D:7      | Found an ornate altar of the Wu Jian Council.
  5553 | D:7      | Found a bloodstained altar of Trog.
  5615 | D:7      | Noticed a two-headed ogre
  5844 | D:7      | Killed a two-headed ogre
  6134 | D:8      | Noticed Erica
  6134 | D:8      | Reached ** piety under Nemelex Xobeh
  6201 | D:8      | Reached skill level 1 in Invocations
  6360 | D:8      | Killed Erica
  6374 | D:8      | Reached XP level 10. HP: 40/79 MP: 10/12
  6394 | D:8      | Found Ixkisi's Weapon Boutique.
  6808 | D:9      | Noticed Erolcha
  6832 | D:9      | Mangled by Erolcha

Illustrated notes

Levels and vault maps discovered:
D:1:      eino_arrival_water_star, layout_loops_cross,
          shapermc_ecumenical_altar_petra, minmay_tetromino_t2
D:2:      layout_rooms, basic_altar
D:3:      layout_basic, minmay_close_crescents
D:4:      layout_basic, nemelex_dance_club_becter, hex_medium,
          minmay_misc_feat_rows, lexackson_kobold_supper, uniq_blork_the_orc
D:5:      layout_loops_cross, minmay_temple_entry_slanted,
          nicolae_ossuary_entry_plus, hex_large, lightli_minifort
D:6:      layout_rooms, mainiacjoe_overflow_catwalk, uniq_crazy_yiuf_cottage,
          uniq_sigmund, uniq_duvessa
D:7:      layout_cave_pools, nicolae_wu_jian_wuxing_cycle, lemuel_doored_altar
D:8:      layout_rooms, serial_shops, shop, uniq_erica
D:9:      layout_loops_ring, lemuel_tele_altar, dpeg_oklobed_lair, uniq_harold,
          uniq_erolcha

Skill      XL: |  1  2  3  4  5  6  7  8  9 |
---------------+----------------------------+-----
Polearms       | 3 4 5 6 7 |  7.3
Dodging        | 3 4 5 6 7 |  7.3
Armour         | 1 2 3 4 5 6 |  6.0
Fighting       | 3 4 5 6 7 |  7.7
Invocations    | 3 |  3.7
Throwing       | |  1.7

Action                     |  1- 3 |  4- 6 |  7- 9 | 10-12 || total
---------------------------+-------+-------+-------+-------++-------
  Melee: Trident           |    94 |   156 |   362 |    46 ||   658
         Punch             |     1 |       |     4 |     1 ||     6
  Throw: Throwing net      |       |     2 |     4 |       ||     6
 Invoke: Draw Destruction  |       |       |     2 |       ||     2
         Draw Summoning    |       |       |       |     1 ||     1
  Evoke: Wand              |       |       |     8 |       ||     8
    Use: Scroll            |     2 |     3 |     6 |     2 ||    13
         Potion            |       |     1 |     2 |     1 ||     4
   Stab: Sleeping          |     6 |     1 |     2 |       ||     9
         Held in net/web   |       |     2 |     5 |       ||     7
 Armour: Leather armour    |    26 |    28 |    89 |     6 ||   149
  Dodge: Dodged            |    55 |    80 |   160 |    19 ||   314

Table legend: (Time is in decaauts)
 A = Elapsed time spent in this place.
 B = Non-inter-level travel time spent in this place.
 C = Inter-level travel time spent in this place.
 D = Time resting spent in this place.
 E = Time spent auto-exploring this place.
 F = Levels seen in this place.
 G = Mean time per level.
                   A        B        C        D        E       F      G
               +--------+--------+--------+--------+--------+-----+--------+
         Total |   6868 |   6571 |    297 |    408 |   4540 |  10 |  686.8 |
       Dungeon |   6722 |   6425 |    297 |    408 |   4475 |   9 |  746.9 |
       Ossuary |    145 |    145 |      0 |      0 |     65 |   1 |  145.0 |
               +--------+--------+--------+--------+--------+-----+--------+

Top non-repeatable levels by time:
     D:5: 1422 daAuts
     D:4: 1182 daAuts
     D:6: 862 daAuts
     D:3: 805 daAuts
     D:1: 794 daAuts
     D:8: 559 daAuts
     D:7: 521 daAuts
     D:2: 469 daAuts
 Ossuary: 145 daAuts
     D:9: 104 daAuts
